 Dungeon Crawl Stone Soup version 0.27-b1-41-gafb5482f4b (webtiles) character file.

Game seed: 13942342935056552012

151 JBAR the Ducker (level 5, 0/43 HPs)
             Began as a Gnoll Gladiator on July 29, 2021.
             Was a Follower of Okawaru.
             Succumbed to an orc's poison
             ... on level 4 of the Dungeon.
             The game lasted 00:04:17 (2948 turns).

JBAR the Ducker (Gnoll Gladiator)                   Turns: 2948, Time: 00:04:17

Health: 0/43       AC:  5    Str: 14    XL:     5   Next: 33%
Magic:  7/7        EV: 14    Int:  8    God:    Okawaru [*.....]
Gold:   164        SH:  0    Dex: 13    Spells: 6/6 levels left

rFire    . . .     SeeInvis .   a - +0 long sword
rCold    . . .     Faith    .   (no shield)
rNeg     . . .     Spirit   .   b - +0 leather armour
rPois    .         Reflect  .   c - +0 helmet
rElec    .         Harm     .   (no cloak)
rCorr    .         Rampage  .   (no gloves)
Will     .....                  f - +0 pair of boots
Stlth    ++........             (no amulet)
HPRegen  0.14/turn              (no ring)
MPRegen  0.10/turn              (no ring)

@: lethally poisoned (0 -> -14)
A: fangs 1, strong nose, distributed training
a: Renounce Religion, Heroism


You were on level 4 of the Dungeon.
You worshipped Okawaru.
Okawaru was aware of your devotion.
You visited 1 branch of the dungeon, and saw 4 of its levels.

You collected 164 gold pieces.

Inventory:

Hand Weapons
 a - a +0 long sword (weapon)
Missiles
 d - 3 throwing nets (quivered)
Armour
 b - a +0 leather armour (worn)
 c - a +0 helmet (worn)
 f - a +0 pair of boots (worn)
Potions
 g - a potion of invisibility
 h - 2 potions of heal wounds
 i - a potion of lignification {unknown}


   Skills:
 + Level 4.8 Fighting
 + Level 1.4 Short Blades
 + Level 6.7 Long Blades
 + Level 1.4 Axes
 + Level 1.4 Maces & Flails
 + Level 1.4 Polearms
 + Level 1.4 Staves
 + Level 1.4 Slings
 + Level 1.4 Bows
 + Level 1.4 Crossbows
 + Level 4.8 Throwing
 + Level 1.4 Armour
 + Level 6.7 Dodging
 + Level 1.4 Stealth
 + Level 1.4 Shields
 + Level 1.4 Unarmed Combat
 + Level 1.4 Spellcasting
 + Level 1.1 Conjurations
 + Level 1.1 Hexes
 + Level 1.1 Summonings
 + Level 1.1 Necromancy
 + Level 1.1 Translocations
 + Level 1.1 Transmutations
 + Level 1.1 Fire Magic
 + Level 1.1 Ice Magic
 + Level 1.1 Air Magic
 + Level 1.1 Earth Magic
 + Level 1.1 Poison Magic
 + Level 1.6 Invocations
 + Level 1.4 Evocations


You had 6 spell levels left.
You didn't know any spells.
Your spell library contained the following spells:

 Spells                   Type           Power      Damage    Failure   Level
 Freeze                   Ice            8%         1d3       28%         1
 Frozen Ramparts          Ice            4%         1d2       65%         3
 Gell's Gravitas          Tloc           1%         N/A       65%         3
 Lesser Beckoning         Tloc           1%         N/A       65%         3
 Portal Projectile        Hex/Tloc       4%         N/A       65%         3
 Summon Guardian Golem    Hex/Summ       2%         N/A       65%         3
 Teleport Other           Tloc           2%         N/A       65%         3
 Cause Fear               Hex            1%         N/A       96%         4
 Hailstorm                Conj/Ice       2%         3d3       96%         4
 Infestation              Necr           1%         N/A       100%        8


Dungeon Overview and Level Annotations

Branches:
Dungeon (4/15)
 Temple: D:4-7

Altars:
Okawaru


Innate Abilities, Weirdness & Mutations

You have very sharp teeth.
Your uncanny sense of smell can sniff out nearby items.
Your experience applies equally to all skills.


Message History

You are too injured to fight recklessly!
You hit the orc but do no damage.
The orc is moderately wounded.
You feel very sick. The orc completely misses you.
The orc hits you from afar with a +0 trident of venom!
* * * LOW HITPOINT WARNING * * *
You are lethally poisoned!
You hit the orc.
The orc is severely wounded.
* * * LOW HITPOINT WARNING * * *
You feel very sick. The orc barely misses you.
The orc hits you but does no damage.
You are more poisoned.
Unknown command.
It was a potion of heal wounds.
You feel much better.
You feel very sick. The orc barely misses you. The orc misses you.
You slash the orc!
You kill the orc!
Okawaru accepts your kill.
You feel very sick.
The orc hits you from afar with a +0 trident of venom.
You are lethally poisoned!
* * * LOW HITPOINT WARNING * * *
You feel very sick.
The orc throws a stone.
The stone hits you but does no damage.
* * * LOW HITPOINT WARNING * * *
You feel very sick. The orc misses you.
You hit the orc.
The orc is heavily wounded.
* * * LOW HITPOINT WARNING * * *
You feel very sick. The orc completely misses you.
You riposte.
You hit the orc but do no damage.
The orc is heavily wounded.
You hit the orc.
You kill the orc!
Okawaru accepts your kill.
You die...

####### ##.....## #######
##.......## #.....# ** ##*
#.........# #.....# *,
#.###.........# #.....# *,
#.............#####.....# *,
####..#...))....#.).......# *,
#..............).....)....# *,
#....#........)@..##...<..###**,
#....##.........####..).....#*,,
#.....#.).......#**#.######.#*,,
#.....#.).......#*...# **,>,*,,,
###.#.#.........##.###**,,*,,,**
#.............###.* *,,*,,***,
#)#..###.....#*,.,****,,,,****,
#.#.....####.,,.#***,,,,*** *,,
#.#.###...***,..,,,,,,,** ***,*


There were no monsters in sight!

Vanquished Creatures
  An orc wizard (D:4)
  3 adders
  2 worms
  11 orcs (D:4)
  6 ball pythons
  5 endoplasms
  A giant cockroach (D:2)
  6 goblins
  7 hobgoblins
  6 jackals
  7 kobolds
  8 quokkas
  4 bats
  4 frilled lizards
  4 rats
75 creatures vanquished.

Notes
Turn   | Place    | Note
-------+----------+-------------------------------------------
     0 | D:1      | JBAR the Gnoll Gladiator began the quest for the Orb.
     0 | D:1      | Reached XP level 1. HP: 20/20 MP: 1/1
   202 | D:1      | Reached XP level 2. HP: 26/26 MP: 2/2
   294 | D:1      | Found a faded altar of an unknown god.
   312 | D:1      | Became a worshipper of Warmaster Okawaru
   312 | D:1      | Reached * piety under Okawaru
   482 | D:1      | Got the Papyrus of Unholy Secrets and Curses
   705 | D:1      | Reached XP level 3. HP: 31/31 MP: 3/3
  1119 | D:2      | Reached skill level 1 in Invocations
  1313 | D:2      | Reached skill level 1 in Short Blades
  1313 | D:2      | Reached skill level 1 in Axes
  1313 | D:2      | Reached skill level 1 in Maces & Flails
  1313 | D:2      | Reached skill level 1 in Polearms
  1313 | D:2      | Reached skill level 1 in Staves
  1313 | D:2      | Reached skill level 1 in Slings
  1313 | D:2      | Reached skill level 1 in Bows
  1313 | D:2      | Reached skill level 1 in Crossbows
  1313 | D:2      | Reached skill level 1 in Armour
  1313 | D:2      | Reached skill level 1 in Stealth
  1313 | D:2      | Reached skill level 1 in Shields
  1313 | D:2      | Reached skill level 1 in Unarmed Combat
  1313 | D:2      | Reached skill level 1 in Spellcasting
  1313 | D:2      | Reached skill level 1 in Evocations
  1448 | D:2      | Reached XP level 4. HP: 38/38 MP: 5/5
  1862 | D:3      | Reached skill level 1 in Conjurations
  1862 | D:3      | Reached skill level 1 in Hexes
  1862 | D:3      | Reached skill level 1 in Summonings
  1862 | D:3      | Reached skill level 1 in Necromancy
  1862 | D:3      | Reached skill level 1 in Translocations
  1862 | D:3      | Reached skill level 1 in Transmutations
  1862 | D:3      | Reached skill level 1 in Fire Magic
  1862 | D:3      | Reached skill level 1 in Ice Magic
  1862 | D:3      | Reached skill level 1 in Air Magic
  1862 | D:3      | Reached skill level 1 in Earth Magic
  1862 | D:3      | Reached skill level 1 in Poison Magic
  2764 | D:4      | Reached XP level 5. HP: 40/43 MP: 5/7
  2948 | D:4      | Succumbed to an orc's poison

Illustrated notes

Levels and vault maps discovered:
D:1:      heliophobic_arrival_ceremonial_halls, layout_basic,
          ebering_ecumenical_altar_rust
D:2:      layout_loops_ring, due_unseen_surprise
D:3:      layout_basic, minmay_misc_feat_five, small_statue_intersection
D:4:      layout_rooms, lemuel_crystal_altar, uniq_menkaure

Skill      XL: |  1  2  3  4 |
---------------+-------------+-----
Invocations    | 1 |  1.6
Short Blades   | 1 |  1.4
Axes           | 1 |  1.4
Maces & Flails | 1 |  1.4
Polearms       | 1 |  1.4
Staves         | 1 |  1.4
Slings         | 1 |  1.4
Bows           | 1 |  1.4
Crossbows      | 1 |  1.4
Armour         | 1 |  1.4
Stealth        | 1 |  1.4
Shields        | 1 |  1.4
Unarmed Combat | 1 |  1.4
Spellcasting   | 1 |  1.4
Evocations     | 1 |  1.4
Conjurations   | 1 |  1.1
Hexes          | 1 |  1.1
Summonings     | 1 |  1.1
Necromancy     | 1 |  1.1
Translocations | 1 |  1.1
Transmutations | 1 |  1.1
Fire Magic     | 1 |  1.1
Ice Magic      | 1 |  1.1
Air Magic      | 1 |  1.1
Earth Magic    | 1 |  1.1
Poison Magic   | 1 |  1.1
Fighting       | |  4.8
Long Blades    | |  6.7
Throwing       | |  4.8
Dodging        | |  6.7

Action                   |  1- 3 |  4- 6 || total
-------------------------+-------+-------++-------
Melee: Long sword        |    98 |    76 ||   174
       Bite              |    10 |    12 ||    22
       Punch             |       |     1 ||     1
  Use: Scroll            |     1 |     5 ||     6
       Potion            |       |     1 ||     1
 Stab: Sleeping          |     3 |     2 ||     5
Armor: Leather armour    |    25 |    18 ||    43
Dodge: Dodged            |    76 |    44 ||   120
       Rpst.: Long sword |    21 |    18 ||    39
